 Dungeon Crawl Stone Soup version 0.28-a0-1624-g820543e53a (webtiles) character file.

Game seed: 13745018204717209785

510 cyrus the Slasher (level 7, -1/59 (64) HPs)
             Began as a Naga Berserker on Jan 23, 2022.
             Was a Follower of Trog.
             Slain by a wight (15 damage)
             ... on level 4 of the Dungeon.
             The game lasted 00:20:18 (3977 turns).

cyrus the Slasher (Naga Berserker)                  Turns: 3977, Time: 00:20:19

HP:   -1/59 (64)    AC:  6    Str: 19    XL:     7   Next: 19%
MP:   7/7           EV:  8    Int:  9    God:    Trog [*.....]
Gold: 144           SH:  0    Dex: 11    Spells: 6/6 levels left

rFire   . . .      SeeInvis +   a - +1 falchion
rCold   . . .      Faith    .   (no shield)
rNeg    . . .      Spirit   .   g - +0 scale mail
rPois   +          Reflect  .   (no helmet)
rElec   .          Harm     .   (no cloak)
rCorr   .          Rampage  .   (no gloves)
Will    .....                   (no barding)
Stlth   ..........              (no amulet)
HPRegen 0.19/turn               (no ring)
MPRegen 0.10/turn               (no ring)

@: on berserk cooldown, slowed, drained, very slow
A: AC +2, large, see invisible, deformed body, poison resistance, slowness 2,
spit poison 1, naga tail 1
a: Spit Poison, Renounce Religion, Berserk


You were on level 4 of the Dungeon.
You worshipped Trog.
Trog was aware of your devotion.
You visited 1 branch of the dungeon, and saw 4 of its levels.

You collected 144 gold pieces.

Inventory:

Hand Weapons
 a - a +1 falchion (weapon)
 d - a +0 scythe
 l - a +4 quarterstaff of chaos
Armour
 b - a +0 animal skin
 c - a +0 ring mail
 g - a +0 scale mail (worn)
Wands
 h - a wand of charming (1)
Scrolls
 j - a scroll of vulnerability {unknown}
Potions
 f - a potion of heal wounds
 i - a potion of lignification {unknown}
 k - a potion of flight {unknown}


   Skills:
 + Level 4.0 Fighting
 + Level 4.9 Long Blades
 + Level 4.2 Armour
 + Level 2.4 Dodging
 + Level 0.3 Stealth
 + Level 1.2 Evocations


You had 6 spell levels left.
You didn't know any spells.
Your spell library was empty.

Dungeon Overview and Level Annotations

Branches:
Dungeon (4/15)
 Temple: D:4-7

Altars:

Annotations:
D:4 Pikel


Innate Abilities, Weirdness & Mutations

Your serpentine skin is tough. (AC +2)
You have supernaturally acute eyesight. (SInv)
Armour fits poorly on your strangely shaped body.
Your system is resistant to poisons. (rPois)
You cover ground very slowly.
You can spit poison.
You have a snake-like lower body.


Message History

The wight hits Pikel but does no damage.
Pikel barely misses the wight.
The wight hits you with a +2 flail!
You feel drained.
The wight hits Pikel with a +2 falchion of freezing.
The wight freezes Pikel.
Pikel closely misses the wight.
The wight hits you with a +1 scimitar!
You feel drained.
* * * LOW HITPOINT WARNING * * *
The wight closely misses Pikel.
The wight barely misses Pikel.
Pikel hits the wight with a +0 whip of freezing.
You feel better. The wight barely misses you.
The wight hits you but does no damage.
The wight barely misses Pikel. x2
Pikel barely misses the wight.
The worm bites you. The wight hits you with a +1 scimitar.
The wight hits you with a +2 flail.
You feel drained.
The wight misses Pikel.
Pikel hits the wight with a +0 whip of freezing.
The wight closely misses you. The wight barely misses you.
Pikel hits the wight with a +0 whip of freezing!
Pikel freezes the wight.
The wight is destroyed!
Trog accepts your kill. The wight completely misses you.
The wight closely misses you.
Your Fighting skill increases to level 4!
You hit the wight.
The wight is lightly damaged.
The wight closely misses you. The wight barely misses you.
The wight hits you but does no damage. The wight misses you.
Pikel hits the wight with a +0 whip of freezing.
Pikel closely misses the wight.
The wight barely misses you. The wight hits you but does no damage.
The wight hits you with a +1 scimitar!
* * * LOW HITPOINT WARNING * * *
You feel drained.
* * * LOW HITPOINT WARNING * * *
You feel better.
Pikel completely misses the wight.
The wight hits you with a +3 dire flail.
* * * LOW HITPOINT WARNING * * *
The worm bites you.
* * * LOW HITPOINT WARNING * * *
The wight hits you with a +1 scimitar!
You die...

#.#.# .....
#.#######.#<# .....
#.#........[# .#
....###.#.#####.###..#.
#...........))........
#............)........
###.............†.......
#.......w..?............
#....@z...............
#......zzK.)...........)
###....z................
#...............(.>...
#.....................
#.................
..................
.#................


You could see a worm, 4 wights and the friendly Pikel (charmed).

Vanquished Creatures
  Sigmund (D:3)
  A sky beast (D:3)
  Crazy Yiuf (D:3)
  Jessica (D:3)
  Terence (D:3)
  An orc wizard (D:4)
  A hound skeleton (D:2)
  Robin (D:3)
  2 adders (D:2)
  A worm (D:2)
  3 dart slugs
  3 orcs
  6 bats
  3 endoplasms (D:1)
  3 giant cockroaches
  7 goblins
  5 hobgoblins
  4 jackals (D:2)
  4 quokkas
  6 ball pythons
  2 frilled lizards (D:2)
  3 kobolds
60 creatures vanquished.

Vanquished Creatures (collateral kills)
  A wight (D:4)
  An endoplasm (D:3)
  A giant cockroach (D:3)
  A hobgoblin (D:3)
4 creatures vanquished.

Vanquished Creatures (others)
  3 goblins (D:3)
  A hobgoblin (D:3)
4 creatures vanquished.

Grand Total: 68 creatures vanquished

Notes
Turn   | Place    | Note
-------+----------+-------------------------------------------
     0 | D:1      | cyrus the Naga Berserker began the quest for the Orb.
     0 | D:1      | Reached XP level 1. HP: 21/21 MP: 1/1
   248 | D:1      | Reached XP level 2. HP: 20/28 MP: 2/2
   792 | D:1      | Found a faded altar of an unknown god.
  1193 | D:1      | Reached XP level 3. HP: 19/34 MP: 3/3
  1996 | D:2      | Reached XP level 4. HP: 42/42 MP: 4/4
  2170 | D:2      | Identified the +0 chain mail of Fortification {rElec}
  2611 | D:3      | Noticed Robin
  2617 | D:3      | Killed Robin
  2671 | D:3      | Noticed Sigmund
  2709 | D:3      | Killed Sigmund
  2710 | D:3      | Reached XP level 5. HP: 50/50 MP: 5/5
  2710 | D:3      | Reached XP level 6. HP: 57/57 MP: 6/6
  2780 | D:3      | Noticed Jessica
  2789 | D:3      | Killed Jessica
  3136 | D:3      | Noticed a sky beast
  3146 | D:3      | Killed a sky beast
  3147 | D:3      | Reached skill level 1 in Evocations
  3278 | D:3      | Found a runed translucent door.
  3279 | D:3      | Noticed Crazy Yiuf
  3290 | D:3      | HP: 2/57 [Crazy Yiuf (10)]
  3292 | D:3      | Killed Crazy Yiuf
  3719 | D:3      | Noticed Terence
  3726 | D:3      | Killed Terence
  3727 | D:3      | Reached XP level 7. HP: 63/63 MP: 7/7
  3962 | D:4      | Noticed Pikel
  3977 | D:4      | Slain by a wight

Illustrated notes

Levels and vault maps discovered:
D:1:      minmay_arrival_widening_spiral_wide, layout_rooms,
          hellmonk_ecumenical_altar_pennies_from_heaven
D:2:      layout_rooms
D:3:      layout_rooms, minmay_misc_feat_enclosed, uniq_terence, uniq_sigmund,
          uniq_crazy_yiuf_cottage, uniq_jessica, uniq_robin
D:4:      layout_basic, uniq_pikel

Skill      XL: |  1  2  3  4  5  6  7 |
---------------+----------------------+-----
Armour         | 2 3 4 |  4.2
Long Blades    | 4 |  4.9
Dodging        | 2 |  2.4
Evocations     | 1 |  1.2
Fighting       | 4 |  4.0
Stealth        | |  0.3

Action                   |  1- 3 |  4- 6 |  7- 9 || total
-------------------------+-------+-------+-------++-------
Melee: Falchion          |   115 |    95 |    16 ||   226
       Punch             |     4 |     2 |       ||     6
Invok: Berserk           |     4 |     8 |     2 ||    14
 Abil: Spit Poison       |     3 |     1 |       ||     4
Evoke: Wand              |       |    10 |     1 ||    11
  Use: Scroll            |     2 |       |       ||     2
       Potion            |       |     4 |     2 ||     6
Armor: Ring mail         |   119 |     4 |       ||   123
       Scale mail        |       |    44 |    17 ||    61
Dodge: Dodged            |   151 |    68 |    20 ||   239

Table legend: (Time is in decaauts)
 A = Elapsed time spent in this place.
 B = Non-inter-level travel time spent in this place.
 C = Inter-level travel time spent in this place.
 D = Time resting spent in this place.
 E = Time spent auto-exploring this place.
 F = Levels seen in this place.
 G = Mean time per level.
                   A        B        C        D        E       F      G
               +--------+--------+--------+--------+--------+-----+--------+
         Total |   4765 |   4765 |      0 |   1769 |   1499 |   4 | 1191.2 |
       Dungeon |   4765 |   4765 |      0 |   1769 |   1499 |   4 | 1191.2 |
               +--------+--------+--------+--------+--------+-----+--------+

Top non-repeatable levels by time:
     D:1: 1782 daAuts
     D:3: 1644 daAuts
     D:2: 1254 daAuts
     D:4: 83 daAuts
